 Dungeon Crawl Stone Soup version 0.29.0 (webtiles) character file.

Game seed: 8460729300456589737

435 LynnLen the Vexing (level 6, -2/32 HPs)
             Began as a Vampire Enchanter on Aug 25, 2022.
             Slain by a goblin
             ... wielding a +0 dagger
             ... led by Robin
              (3 damage)
             ... on level 2 of the Dungeon.
             The game lasted 00:11:07 (3218 turns).

LynnLen the Vexing (Vampire Enchanter)              Turns: 3218, Time: 00:11:08

Health: -2/32      AC:  3    Str: 13    XL:     6   Next: 68%
Magic:  9/12       EV: 12    Int: 20    God:
Gold:   69         SH:  0    Dex: 14    Spells: 5/13 levels left

rFire   . . .      SeeInvis +   a - +1 dagger
rCold   + + .      Faith    .   j - orb {guile}
rNeg    + + +      Spirit   .   b - +0 robe
rPois   ∞          Reflect  .   (no helmet)
rElec   .          Harm     .   (no cloak)
rCorr   .          Rampage  .   (no gloves)
Will    .....                   o - +0 pair of boots
Stlth   +++++.....              (no amulet)
HPRegen 0.00/turn               l - +6 ring of strength
MPRegen 0.13/turn               (no ring)

@: bloodless, inhibited regen, hasted, very quick
A: bloodless, fangs 3, see invisible, vampiric 2
a: Bat Form, Revivify


You were on level 2 of the Dungeon.
You visited 1 branch of the dungeon, and saw 3 of its levels.

You collected 69 gold pieces.

Inventory:

Hand Weapons
 a - a +1 dagger (weapon)
Missiles
 c - 2 poisoned darts
 d - 2 boomerangs of dispersal
 e - 18 stones
Armour
 b - a +0 robe (worn)
 j - an orb of guile (worn)
 o - a +0 pair of boots (worn)
Jewellery
 l - a +6 ring of strength (left hand)
Wands
 g - a wand of flame (10)
 t - a wand of iceblast (4)
Scrolls
 k - a scroll of teleportation {unknown}
 m - 2 scrolls of noise {unknown}
 p - a scroll of immolation {unknown}
 r - 2 scrolls of vulnerability
Potions
 h - a potion of attraction {unknown}
 i - 3 potions of mutation
 n - a potion of degeneration {unknown}
 q - a potion of brilliance {unknown}
 s - a potion of magic {unknown}
 u - a potion of resistance {unknown}


   Skills:
 - Level 1.1 Short Blades
 - Level 2.1 Dodging
 - Level 4.4 Stealth
 + Level 4.2 Spellcasting
 + Level 7.4 Hexes
 + Level 3.5 Ice Magic


You had 5 spell levels left.
You knew the following spells:

 Your Spells              Type           Power      Damage    Failure   Level
a - Ensorcelled Hibernat  Hex/Ice        52%        N/A       1%          2
b - Confusing Touch       Hex            33%        N/A       1%          3
c - Tukima's Dance        Hex            33%        N/A       1%          3

Your spell library contained the following spells:

 Spells                   Type           Power      Damage    Failure   Level
 Dazzling Flash           Conj/Hex       38%        N/A       9%          3
 Ozocubu's Armour         Ice            18%        N/A       9%          3
 Iskenderun's Mystic Bla  Conj/Tloc      4%         2d3       77%         4
 Starburst                Conj/Fire      2%         6d3       100%        6
 Ozocubu's Refrigeration  Ice            9%         4d9       100%        7


Dungeon Overview and Level Annotations

Branches:
Dungeon (3/15)

Altars:

Annotations:
D:2 Robin


Innate Abilities, Weirdness & Mutations

You do not regenerate when monsters are visible.
You are frail without blood (-20% HP).
You can heal yourself when you bite living creatures.
You are immune to poison.
You have razor-sharp teeth.
You have supernaturally acute eyesight. (SInv)
You are afflicted with vampirism and can become a bat while bloodless.


Message History

You closely miss the goblin. The goblin hits you but does no damage.
The goblin hits you with a +0 club. The goblin hits you with a +0 dagger.
Robin roars a battlecry!
The goblins go into a battle-frenzy!
You hear a shout!
Okay, then.
You feel yourself speed up. The goblin hits you with a +0 club.
The goblin hits you with a +0 dagger. The goblin misses you.
Casting: Confusing Touch (safe; 1% risk of failure)
Press: ? - help, Q - select action, (/) - cycle Dir - look around, f - activate Your hands begin to glow red.
The goblin hits you with a +0 dagger. The goblin barely misses you.
The goblin closely misses you.
You barely miss Robin. You bite Robin.
You draw Robin's blood!
You feel better.
Robin is lightly wounded.
You hit Robin but do no damage.
Robin appears confused.
Robin is lightly wounded.
The goblin hits you with a +0 dagger. The goblin barely misses you.
The goblin hits you with a +0 dagger.
* * * LOW HITPOINT WARNING * * *
The goblin hits you with a +0 dagger.
* * * LOW HITPOINT WARNING * * *
Robin hits you with a +0 club.
* * * LOW HITPOINT WARNING * * *
You barely miss Robin.
Robin is lightly wounded.
The goblin hits you with a +0 club.
* * * LOW HITPOINT WARNING * * *
The goblin barely misses you. The goblin hits you with a +0 dagger.
* * * LOW HITPOINT WARNING * * *
You completely miss Robin.
Robin is lightly wounded.
Robin grins madly.
The goblin closely misses you.
You barely miss Robin. You bite Robin, but do no damage.
Robin is lightly wounded.
The goblin hits you with a +0 club.
* * * LOW HITPOINT WARNING * * *
The goblin closely misses you. The goblin hits you with a +0 dagger.
You die...

#.....#######~≈~~.###..#
#...........~~~~......#
#.....##....~≈~..####.#
#.........#~~~~~...##.#
#.........+.~~.~...##.# #####
#.....)...).~~~~...##.#
......#...[....g#)g~~~~####.#
......#.......gg#.gg~..####'####
.......#.......g@#g~~g≈~.........
.......#.......gg#g~.g~..........
................#.~~g~..........
#......##...####~~≈≈.#######...
#......##...# #.≈≈g≈≈≈≈≈ ##..
#......##...# #~)~≈.~≈≈≈≈ ##.
#.......#...# #.~~≈~≈≈≈≈# #.
#.......#...# ##~.~~≈≈≈## ##
#...........# ###.#####


You could see Robin (confused), a hobgoblin and 4 goblins.

Vanquished Creatures
  Grinder (D:3)
  An ice beast (D:3)
  3 gnolls
  2 adders (D:3)
  A worm (D:2)
  A dart slug (D:1)
  An orc (D:3)
  6 ball pythons
  9 bats
  5 endoplasms
  3 giant cockroaches
  15 goblins
  4 hobgoblins
  2 jackals (D:1)
  A frilled lizard (D:1)
  6 kobolds
  9 rats
70 creatures vanquished.

Vanquished Creatures (collateral kills)
  Terence (D:3)
1 creature vanquished.

Vanquished Creatures (others)
  A dancing weapon (D:2)
1 creature vanquished.

Grand Total: 72 creatures vanquished

Notes
Turn   | Place    | Note
-------+----------+-------------------------------------------
     0 | D:1      | LynnLen the Vampire Enchanter began the quest for the Orb.
     0 | D:1      | Reached XP level 1. HP: 13/13 MP: 3/3
   417 | D:1      | Reached XP level 2. HP: 6/15 MP: 5/5
   422 | D:1      | Learned a level 2 spell: Ensorcelled Hibernation
   601 | D:1      | Found a faded altar of an unknown god.
   658 | D:1      | Reached skill level 5 in Hexes
  1137 | D:1      | Gained mutation: You are afflicted with vampirism and can
                  | become a bat while bloodless. [Vampire growth]
  1137 | D:1      | Reached XP level 3. HP: 19/19 MP: 6/6
  1141 | D:1      | Learned a level 3 spell: Confusing Touch
  1300 | D:1      | Reached skill level 1 in Ice Magic
  1524 | D:2      | Noticed Robin
  1867 | D:3      | Noticed an ice beast
  1877 | D:3      | Killed an ice beast
  1878 | D:3      | Reached skill level 6 in Hexes
  1878 | D:3      | Reached XP level 4. HP: 7/24 MP: 4/8
  1878 | D:3      | Reached XP level 5. HP: 8/28 MP: 4/9
  2056 | D:3      | Noticed Grinder
  2067 | D:3      | Killed Grinder
  2068 | D:3      | Reached skill level 7 in Hexes
  2068 | D:3      | Reached XP level 6. HP: 25/32 MP: 9/11
  2374 | D:3      | Noticed Terence
  2379 | D:3      | Learned a level 3 spell: Tukima's Dance
  2603 | D:3      | Killed Terence
  3218 | D:2      | HP: 1/32 [goblin/+0 club[Robin] (1)]
  3218 | D:2      | Slain by a goblin

Illustrated notes

Levels and vault maps discovered:
D:1:      onia_arrival_mini_maze_b, layout_loops_cross,
          hellmonk_ecumenical_altar_crossroads, grunt_decor_fettered
D:2:      layout_basic, basic_altar, chequers_serial_rivers_large_a, uniq_robin
D:3:      layout_rooms, nicolae_eternal_life, minmay_misc_feat_rugged,
          st_stairs_10, minmay_misc_feat_tiny, uniq_grinder, uniq_terence

Skill      XL: |  1  2  3  4  5  6 |
---------------+-------------------+-----
Hexes          | 5 6 7 |  7.4
Ice Magic      | 2 3 |  3.5
Spellcasting   | 3 4 |  4.2
Short Blades   | |  1.1
Dodging        | |  2.1
Stealth        | |  4.4

Action                   |  1- 3 |  4- 6 || total
-------------------------+-------+-------++-------
Melee: Dagger            |    90 |    83 ||   173
       Bite              |    10 |    13 ||    23
 Cast: Ensorcelled Hiber |     9 |    12 ||    21
       Confusing Touch   |     1 |     1 ||     2
       Tukima's Dance    |       |     2 ||     2
 Abil: Exsanguinate      |     1 |       ||     1
  Use: Potion            |     1 |     2 ||     3
       Scroll            |       |     5 ||     5
 Stab: Sleeping          |    27 |    13 ||    40
       Invisible         |     1 |     1 ||     2
       Confused          |     2 |       ||     2
Armor: Robe              |    13 |    19 ||    32
Dodge: Dodged            |    56 |    50 ||   106
